 Dungeon Crawl Stone Soup version 0.30-b1-6-gad0e9d6a2d (webtiles) character file.

Game seed: 17069533785450555880

4182 Mysteryquy the Cleaver (level 10, -2/88 HPs)
             Began as a Minotaur Fighter on May 5, 2023.
             Was a Believer of Qazlal.
             Slain by Amaemon
             ... wielding a -2 demon whip of venom
              (3 damage)
             ... on level 8 of the Dungeon.
             The game lasted 00:09:16 (7397 turns).

Mysteryquy the Cleaver (Minotaur Fighter)           Turns: 7397, Time: 00:09:16

Health: -2/88      AC: 14    Str: 32    XL:     10   Next: 8%
Magic:  9/9        EV:  9    Int:  5    God:    Qazlal [**....]
Gold:   1610       SH:  3    Dex:  9    Spells: 9/9 levels left

rFire   . . .        a - +1 war axe
rCold   . . .        g - orb {light}
rNeg    . . .        F - +0 plate armour
rPois   .            (helmet restricted)
rElec   .            (no cloak)
rCorr   .            (no gloves)
SInv    .            (no boots)
Will    +....        (no amulet) Stlth
                     v - ring of willpower
HPRegen 0.34/turn    w - +6 ring of strength
MPRegen 0.11/turn

%: no passive effects
@: lethally poisoned (-2 -> -13), weakened, slowed, glowing, very slow
A: horns 2, retaliatory headbutt
a: Renounce Religion, Upheaval


You were on level 8 of the Dungeon.
You worshipped Qazlal.
Qazlal was pleased with you.
You visited 2 branches of the dungeon, and saw 9 of its levels.
You also visited: Bailey.

You collected 1610 gold pieces.

Inventory:

Hand Weapons
 a - a +1 war axe (weapon)
 D - a +0 hand axe of flaming
Missiles
 f - 4 datura-tipped darts
 B - a throwing net (quivered)
 E - 4 atropa-tipped darts
Armour
 b - a +0 scale mail
 c - a +0 buckler
 g - an orb of light (worn)
 F - a +0 plate armour (worn)
Jewellery
 i - a +4 ring of protection
 v - a ring of willpower (left hand)
 w - a +6 ring of strength (right hand)
Wands
 d - a wand of quicksilver (8)
 l - a wand of flame (40)
 p - a wand of charming (5)
Scrolls
 h - 8 scrolls of identify
 j - 2 scrolls of silence
 o - 2 scrolls of noise
 q - 2 scrolls of immolation
 r - a scroll of magic mapping
 y - 2 scrolls of teleportation {unknown}
 A - 2 scrolls of fog
 G - a scroll of blinking {unknown}
 H - a scroll of amnesia {unknown}
 I - a scroll of brand weapon {unknown}
Potions
 e - 3 potions of berserk rage {unknown}
 k - 3 potions of flight {unknown}
 m - 2 potions of ambrosia {unknown}
 n - 3 potions of haste {unknown}
 s - 4 potions of curing {unknown}
 t - 2 potions of brilliance {unknown}
 u - a potion of magic {unknown}
 x - 2 potions of degeneration {unknown}
 z - 2 potions of lignification {unknown}
 C - a potion of cancellation {unknown}


   Skills:
 + Level 8.1 Fighting
 + Level 12.3 Axes
 + Level 9.5 Armour
 + Level 3.4 Dodging
 + Level 0.9 Stealth
 + Level 4.7 Shields


You had 9 spell levels left.
You didn't know any spells.
Your spell library contained the following spells:

 Spells                   Type           Power      Damage    Failure   Level
 Kiss of Death            Conj/Necr      0%         2d5       98%         1
 Shock                    Conj/Air       0%         1d3       98%         1
 Ensorcelled Hibernation  Hex/Ice        0%         N/A       99%         2
 Passwall                 Tmut/Erth      0%         N/A       99%         2
 Confusing Touch          Hex            0%         N/A       100%        3
 Ignite Poison            Fire/Tmut/Pois 0%         N/A       100%        3
 Swiftness                Air            0%         N/A       100%        3
 Airstrike                Air            0%         2d(0-16)  100%        4
 Dispel Undead            Necr           0%         3d6       100%        4
 Sticky Flame             Conj/Fire      0%         2d3       100%        4
 Ignition                 Fire           0%         3d3       100%        8


Dungeon Overview and Level Annotations

Branches:
Dungeon (8/15)             Temple (1/1) D:5          Bailey (visited)
   Lair: D:8-11

Altars:
Ashenzari
Cheibriados
Dithmenos
Fedhas
Gozag
Hepliaklqana
Kikubaaqudgha
Makhleb
Nemelex Xobeh
Okawaru
Qazlal
Ru
Sif Muna
Trog
Uskayaw
Wu Jian
Xom
Yredelemnul
Zin
The Shining One

Annotations:
D:6 1 runed translucent door, jehirs's ghost, amateur GrEE
D:8 Amaemon


Innate Abilities, Weirdness & Mutations

You have a pair of horns on your head.
You reflexively headbutt those who attack you in melee.


Message History

An orc comes into view. It is wielding a +0 flail.
The orange demon stings you!
You are more poisoned.
You have difficulty breathing.
You feel yourself slow down. The orange demon hits you.
You feel as though you will be weak longer.
You are too injured to fight recklessly!
You are too injured to fight recklessly!
You are too injured to fight recklessly!
You are too injured to fight recklessly!
You are too injured to fight recklessly!
You are too injured to fight recklessly!
You are too injured to fight recklessly!
You hit the orange demon. You headbutt the orange demon!
The orange demon is moderately wounded.
You barely miss Amaemon.
You feel extremely sick. You block Amaemon's attack.
Amaemon claws you but does no damage.
Amaemon tail-slaps you but does no damage.
The orange demon stings you but does no damage.
The orange demon barely misses you.
You hit the orange demon.
The orange demon is moderately wounded.
You barely miss Amaemon.
You feel very sick. Amaemon hits you but does no damage.
Amaemon barely misses you.
Amaemon tail-slaps you but does no damage.
The orange demon stings you.
* * * LOW HITPOINT WARNING * * *
The orange demon hits you but does no damage.
You hit the orange demon. You headbutt the orange demon!
The orange demon is heavily wounded.
You hit Amaemon.
* * * LOW HITPOINT WARNING * * *
You feel very sick.
Amaemon is engulfed in blazing flames.
Amaemon hits you with a -2 demon whip of venom!
* * * LOW HITPOINT WARNING * * *
Amaemon claws you.
You die...

.#.#.##.# .##.## ...
.... .. .#### #.## ..#
.##. ## #.# ..# ....
#### #.# #.# ..# ...#
#.# #.# ...# ...#####.#
#.##...#.#
.........######§.6o.....
########.......°@4F..#
#.######.###.##
########.# #.#
.......#.######.#
###...<.........# #
#.##.#.########
###.##.#.# ##...#.#.#
#......#.#


You could see Amaemon, an orange demon (curare), a bullfrog and an orc.

Vanquished Creatures
  An orc knight (Bailey)
  Grinder (D:6)
  Eustachio (D:6)
  4 water moccasins
  3 orc warriors
  A sky beast (D:7)
  A black bear (D:6)
  An ice beast (D:5)
  3 ogres
  2 centaurs
  2 phantoms
  4 kobold brigands (Bailey)
  2 gnoll sergeants (D:6)
  A bullfrog (D:5)
  2 scorpions
  7 wights
  5 howler monkeys
  4 hounds
  3 orc priests
  A gnoll bouda (D:6)
  3 orc wizards
  3 iguanas (D:5)
  14 gnolls
  8 adders
  2 white imps
  An ufetubus (D:6)
  5 worms
  2 dart slugs (D:3)
  12 orcs
  6 ball pythons
  3 bats
  11 endoplasms
  2 giant cockroaches (D:1)
  6 goblins
  4 hobgoblins
  7 jackals (D:1)
  15 kobolds
  2 quokkas
  3 frilled lizards
  7 rats
165 creatures vanquished.

Notes
Turn   | Place    | Note
-------+----------+-------------------------------------------
     0 | D:1      | Mysteryquy the Minotaur Fighter began the quest for the
                  | Orb.
     0 | D:1      | Reached XP level 1. HP: 19/19 MP: 0/0
   129 | D:1      | Reached XP level 2. HP: 27/27 MP: 1/1
   894 | D:1      | Reached XP level 3. HP: 33/33 MP: 2/2
  1328 | D:2      | Found a snail-covered altar of Cheibriados.
  1335 | D:2      | Reached skill level 3 in Axes
  1838 | D:3      | Reached XP level 4. HP: 40/40 MP: 3/3
  1875 | D:3      | Found a shadowy altar of Dithmenos.
  2413 | D:4      | Noticed an ogre
  2419 | D:4      | Killed an ogre
  2420 | D:4      | Reached skill level 4 in Axes
  2420 | D:4      | Reached skill level 5 in Armour
  2420 | D:4      | Reached XP level 5. HP: 45/46 MP: 4/4
  2422 | D:4      | Reached skill level 1 in Dodging
  2973 | D:5      | Entered Level 5 of the Dungeon
  2973 | D:5      | Noticed a phantom
  2983 | D:5      | Killed a phantom
  2984 | D:5      | Reached skill level 5 in Axes
  2984 | D:5      | Reached XP level 6. HP: 53/53 MP: 5/5
  2997 | D:5      | Reached skill level 6 in Axes
  3158 | D:5      | Found a staircase to the Ecumenical Temple.
  3175 | D:5      | Identified the +3 long sword "Sarcophage" {speed, Int+3}
  3184 | D:5      | Reached XP level 7. HP: 60/60 MP: 6/6
  3202 | Temple   | Entered the Ecumenical Temple
  3227 | Temple   | Became a worshipper of Qazlal Stormbringer
  3623 | D:5      | Reached skill level 7 in Axes
  3684 | D:5      | Reached skill level 5 in Fighting
  3901 | D:6      | Noticed Grinder
  4011 | D:6      | Killed Grinder
  4012 | D:6      | Reached skill level 8 in Axes
  4012 | D:6      | Reached XP level 8. HP: 37/69 MP: 7/7
  4161 | D:6      | Noticed Eustachio
  4173 | D:6      | Killed Eustachio
  4216 | D:6      | Reached * piety under Qazlal
  4217 | D:6      | Reached skill level 9 in Axes
  4895 | D:6      | Found a runed translucent door.
  4897 | D:6      | Noticed jehirs's ghost (amateur GrEE)
  4911 | D:6      | Reached XP level 9. HP: 77/77 MP: 8/8
  4945 | D:6      | Reached skill level 10 in Axes
  5663 | D:7      | Found a flagged portal.
  5673 | Bailey   | Entered a bailey
  5693 | Bailey   | Reached ** piety under Qazlal
  5711 | Bailey   | Noticed an orc knight
  5720 | Bailey   | HP: 2/78 [orc knight/+0 war axe (9)]
  5721 | Bailey   | Killed an orc knight
  5722 | Bailey   | Reached skill level 11 in Axes
  5945 | Bailey   | Found a bloodstained altar of Trog.
  6248 | D:7      | Reached skill level 12 in Axes
  6384 | D:7      | Found a large runed translucent door.
  6384 | D:7      | Found a large runed translucent door.
  7051 | D:7      | Reached XP level 10. HP: 88/88 MP: 9/9
  7053 | D:7      | Found an ornate altar of the Wu Jian Council.
  7060 | D:7      | Found a sacrificial altar of Ru.
  7385 | D:8      | Noticed an orange demon
  7386 | D:8      | Noticed Amaemon
  7397 | D:8      | HP: 1/88 [Amaemon/-2 demon whip of venom (13)]
  7397 | D:8      | Slain by Amaemon

Illustrated notes

Levels and vault maps discovered:
D:1:      amcnicky_arrival_abandoned_market, layout_loops_corners
D:2:      layout_loops_ring, basic_altar
D:3:      layout_loops_ring, nicolae_dithmenos_the_darkroom
D:4:      layout_loops_cross, chequers_serial_rivers_large_a
D:5:      layout_rooms, minmay_temple_entry_wispy, fountainhead,
          kennysheep_decorative_pillar
D:6:      layout_basic, ebering_ghost_reflecting_pool,
          hangedman_decor_slide_cut, minmay_misc_feat_nine_boxes, uniq_grinder,
          uniq_eustachio
D:7:      layout_loops_ring, jmf_multi_god_temple2, enter_bailey_2
D:8:      minmay_chambers_of_sixes, layout_loops_ring, uniq_amaemon
Temple:   minmay_crystal_spiral_temple

Skill      XL: |  1  2  3  4  5  6  7  8  9 |
---------------+----------------------------+-----
Shields        | 4 |  4.7
Armour         | 4 5 6 8 9 |  9.5
Axes           | 3 4 5 6 8 9 12 | 12.3
Fighting       | 4 5 6 8 |  8.1
Dodging        | 1 2 3 |  3.4
Stealth        | |  0.9

Action                     |  1- 3 |  4- 6 |  7- 9 | 10-12 || total
---------------------------+-------+-------+-------+-------++-------
  Melee: War axe           |    77 |    57 |   176 |    17 ||   327
         Headbutt          |    10 |    14 |    36 |     7 ||    67
  Evoke: Wand              |       |       |     1 |     1 ||     2
    Use: Scroll            |       |     8 |       |       ||     8
         Potion            |       |       |     2 |       ||     2
 Armour: Scale mail        |    37 |    20 |    48 |       ||   105
         Plate armour      |       |       |     6 |    17 ||    23
  Dodge: Dodged            |    43 |    42 |   115 |    13 ||   213
  Block: Buckler           |     8 |       |       |       ||     8
         Orb               |       |       |     9 |     3 ||    12
